 Dungeon Crawl Stone Soup version 0.31-a0-836-g3ceb0a68c4 (webtiles) character file.

Game seed: 17524492676814895455

1108 Kurtz the Cleaver (level 8, 0/52 HPs)
             Began as an Octopode Fighter on Sept 26, 2023.
             Was an Initiate of Okawaru.
             Succumbed to a water moccasin's poison
             ... on level 5 of the Dungeon.
             The game lasted 00:06:39 (4694 turns).

Kurtz the Cleaver (Octopode Fighter)                Turns: 4694, Time: 00:06:39

Health: 0/52       AC:  1    Str: 15    XL:     8   Next: 33%
Magic:  8/8        EV: 13    Int: 10    God:    Okawaru [......]
Gold:   444        SH:  5    Dex: 14    Spells: 7/7 levels left

rFire   . . .        h - +4 flail
rCold   . . .        b - +0 buckler
rNeg    . . .        (helmet restricted)
rPois   .            (no amulet)
rElec   .            (no ring)
rCorr   .            (no ring)
SInv    .            (no ring)
Will    .....        (no ring)
Stlth   ++           (no ring)
HPRegen 0.28/turn    (no ring)
MPRegen 0.11/turn    (no ring)
                     (no ring)

%: no passive effects
@: lethally poisoned (0 -> -7), attractive, hasted, invisible, very quick
A: almost no armour, amphibious, 8 rings, camouflage 1, gelatinous body 1,
(nimble swimmer 1), tentacles, tentacle spike 1, noise suppression
a: Renounce Religion


You were on level 5 of the Dungeon.
You worshipped Okawaru.
Okawaru was noncommittal.
You visited 2 branches of the dungeon, and saw 6 of its levels.
You also visited: Sewer and Ossuary.

You collected 444 gold pieces.

Inventory:

Hand Weapons
 a - a +0 war axe
 h - a +4 flail (weapon)
Missiles
 l - 33 poisoned darts
Armour
 b - a +0 buckler (worn)
Jewellery
 o - a ring of magical power
Wands
 j - a wand of flame (20)
 y - a wand of iceblast (4)
 C - a wand of digging (5)
Scrolls
 d - a scroll of amnesia
 e - a scroll of noise
 f - 2 scrolls of fear
 i - 2 scrolls of poison {unknown}
 m - 6 scrolls of teleportation {unknown}
 n - a scroll of acquirement {unknown}
 p - a scroll of vulnerability {unknown}
 u - a scroll of fog {unknown}
 x - 2 scrolls of identify
Potions
 c - 4 potions of might
 s - a potion of cancellation {unknown}
 t - 2 potions of brilliance {unknown}
 v - a potion of berserk rage {unknown}
 w - 2 potions of attraction
 z - 3 potions of degeneration {unknown}
 A - 2 potions of curing {unknown}
 B - 2 potions of enlightenment {unknown}


   Skills:
 - Level 3.0 Fighting
 * Level 9.8 Axes
 - Level 3.0 Dodging
 - Level 3.0 Shields


You had 7 spell levels left.
You didn't know any spells.
Your spell library contained the following spells:

 Spells                   Type           Power      Damage    Failure   Level
 Apportation              Tloc           0%         N/A       45%         1
 Necrotise                Necr           0%         1d4       45%         1
 Summon Small Mammal      Summ           Unusable   N/A       N/A         1

Dungeon Overview and Level Annotations

Branches:
Dungeon (5/15)             Temple (1/1) D:4           Sewer (visited)
Ossuary (visited)

Altars:
Cheibriados
Dithmenos
Elyvilon
Gozag
Kikubaaqudgha
Makhleb
Nemelex Xobeh
Okawaru
Qazlal
Ru
Sif Muna
Trog
Uskayaw
Vehumet
Wu Jian
Xom
Yredelemnul
Zin
The Shining One

Shops:
D:5 [

Annotations:
D:4 2 runed translucent doors


Innate Abilities, Weirdness & Mutations

You cannot wear most types of armour.
You are amphibious.
You can wear up to eight rings at the same time.
Your skin changes colour to match your surroundings (Stealth+).
Your rubbery body absorbs attacks. (AC +1, EV +1)
((You are camouflaged when in or above water. (Stealth+)))
You have tentacles for arms and can constrict up to eight enemies at once.
One of your tentacles bears a spike.
You passively dampen the noise of your surroundings.


Message History

Unknown command.
You are confused.
You feel invigorated.
* * * LOW HITPOINT WARNING * * *
You feel very sick.
The water moccasin barely misses you. x2
You feel very sick.
The water moccasin attacks as it pursues you!
The water moccasin bites you.
* * * LOW HITPOINT WARNING * * *
You are lethally poisoned!
The water moccasin poisons you!
You barely miss the water moccasin. Your squeeze misses the water moccasin.
The water moccasin is moderately wounded.
You feel less invigorated.
You feel less confused.
* * * LOW HITPOINT WARNING * * *
You feel very sick. The water moccasin closely misses you.
A phantom comes into view.
The water moccasin misses you.
It was a potion of mutation.
You feel extremely strange.
One of your lower tentacles grows a sharp spike.
You feel your surroundings grow quieter.
* * * LOW HITPOINT WARNING * * *
You feel very sick. The water moccasin closely misses you.
It was a potion of haste.
You feel yourself speed up.
* * * LOW HITPOINT WARNING * * *
You feel very sick.
The water moccasin barely misses you. x2
Unknown command.
It was a potion of invisibility.
You fade into invisibility!
* * * LOW HITPOINT WARNING * * *
You feel sick.
The water moccasin bites you but does no damage.
It was a potion of attraction.
You feel attractive to monsters.
You die...

..#....##.......# ##.##.#
.##.....#.......########.##.#
.##.#.#.#.................#.#
.#..#...'.........######..#.#
.#.##...#[......#.##......#.#
.)) #.#.........#....###.##.#
##....#..######..<#..# #.##.#
#.#.##^..#########..###.##.#
.. #.##.#......S@.#..#......#
# #.......######.#..#.#.####
#.#.##...# #.#..#.#.# ..
#.##.### #.####.#.# #
#......# #......#.# #.#.##.#
########.# .. #.##'#### #.#
#.# ###.....# #.# . #.....#
#.#


You could see a water moccasin (unable to see you).

Vanquished Creatures
  Sigmund (D:2)
  A phantom (D:5)
  An elf zombie (D:4)
  3 kobold brigands (Sewer)
  An elf skeleton (D:4)
  An orc priest (D:4)
  2 hounds (D:4)
  2 human skeletons (D:4)
  A human zombie (D:4)
  Terence (D:3)
  An orc wizard (D:4)
  8 mummies (Ossuary)
  4 gnolls (D:4)
  4 adders
  A white imp (D:5)
  3 ufetubi
  2 worms (D:3)
  9 orcs
  8 endoplasms
  3 giant cockroaches
  A gnoll zombie (Ossuary)
  7 goblins
  7 hobgoblins
  4 jackals (D:2)
  23 kobolds
  7 quokkas
  7 ball pythons
  8 bats
  4 frilled lizards
  3 hobgoblin zombies (Ossuary)
  2 kobold zombies (Ossuary)
  An orc skeleton (D:4)
  2 orc zombies (Ossuary)
  9 rats
142 creatures vanquished.

Notes
Turn   | Place    | Note
-------+----------+-------------------------------------------
     0 | D:1      | Kurtz the Octopode Fighter began the quest for the Orb.
     0 | D:1      | Reached XP level 1. HP: 16/16 MP: 1/1
   366 | D:1      | Reached XP level 2. HP: 21/21 MP: 2/2
   464 | D:1      | Reached skill level 3 in Axes
   643 | D:1      | Reached XP level 3. HP: 26/26 MP: 3/3
   812 | D:2      | Found a faded altar of an unknown god.
   843 | D:2      | Noticed Sigmund
   854 | D:2      | HP: 1/26 [Sigmund/+0 scythe (7)]
   858 | D:2      | Killed Sigmund
   859 | D:2      | Reached skill level 5 in Axes
   859 | D:2      | Reached XP level 4. HP: 22/31 MP: 4/4
   859 | D:2      | Reached XP level 5. HP: 26/36 MP: 5/5
  1382 | D:2      | Reached skill level 6 in Axes
  1530 | D:3      | Reached XP level 6. HP: 37/41 MP: 6/6
  1535 | D:3      | Noticed Terence
  1541 | D:3      | Killed Terence
  1722 | D:3      | Found a snail-covered altar of Cheibriados.
  1723 | D:3      | Found a shimmering altar of Xom.
  1855 | D:3      | Found a glowing drain.
  1869 | Sewer    | Entered a sewer
  2152 | Sewer    | Reached skill level 7 in Axes
  2273 | Sewer    | Reached XP level 7. HP: 36/46 MP: 7/7
  2806 | D:4      | Reached skill level 8 in Axes
  2844 | D:4      | Found a sand-covered staircase.
  2973 | Ossuary  | Entered an ossuary
  3034 | Ossuary  | Reached skill level 9 in Axes
  3038 | Ossuary  | Reached XP level 8. HP: 49/52 MP: 8/8
  3422 | D:4      | Found a large runed translucent door.
  3423 | D:4      | Found a large runed translucent door.
  3510 | D:4      | Found a staircase to the Ecumenical Temple.
  3519 | Temple   | Entered the Ecumenical Temple
  3535 | Temple   | Became a worshipper of Warmaster Okawaru
  4213 | D:5      | Entered Level 5 of the Dungeon
  4369 | D:5      | Found Qusadik's Antique Armour Emporium.
  4628 | D:5      | Found a hide-covered altar of Uskayaw.
  4691 | D:5      | Gained mutation: One of your tentacles bears a spike.
                  | [potion of mutation]
  4691 | D:5      | Gained mutation: You passively dampen the noise of your
                  | surroundings. [potion of mutation]
  4692 | D:5      | HP: 2/52 [poisoned by a water moccasin]
  4694 | D:5      | Succumbed to a water moccasin's poison

Illustrated notes

Levels and vault maps discovered:
D:1:      dpeg_arrival_houses_and_road, layout_loops_corners
D:2:      layout_basic, ebering_ecumenical_altar_petrified,
          kennysheep_generic_room_14, uniq_sigmund
D:3:      layout_basic, chequers_temple_overflow_statue_of_worship,
          cheibrodos_sewer_entry_bend, moated_statue, uniq_terence
D:4:      layout_loops_ring, jmf_multi_god_temple2, temple_hall,
          nicolae_ossuary_entry_catacombs, kennysheep_potato
D:5:      layout_basic, nicolae_overflow_crystal_walls, serial_shops, shop,
          kennysheep_decorative_pillar, nicolae_letterblocks
          [nicolae_letter_subblock, nicolae_letter_subblock,
          nicolae_letter_subblock, nicolae_letter_subblock,
          nicolae_letter_subblock, nicolae_letter_subblock,
          nicolae_letter_subblock, nicolae_letter_subblock,
          nicolae_letter_subblock, nicolae_letter_subblock,
          nicolae_letter_subblock, nicolae_letter_subblock,
          nicolae_letter_subblock, nicolae_letter_subblock,
          nicolae_letter_subblock, nicolae_letter_subblock,
          nicolae_letter_subblock, nicolae_letter_subblock,
          nicolae_letter_subblock, nicolae_letter_subblock,
          nicolae_letter_subblock, nicolae_letter_subblock,
          nicolae_letter_subblock, nicolae_letter_subblock,
          nicolae_letter_subblock]
Temple:   eino_temple_rhombus

Skill      XL: |  1  2  3  4  5  6  7 |
---------------+----------------------+-----
Axes           | 3 5 6 7 9 |  9.8
Fighting       | |  3.0
Dodging        | |  3.0
Shields        | |  3.0

Action                     |  1- 3 |  4- 6 |  7- 9 || total
---------------------------+-------+-------+-------++-------
  Melee: War axe           |    51 |    41 |       ||    92
         Constrict         |    14 |    18 |    42 ||    74
         Tentacles         |     8 |    14 |    39 ||    61
         Punch             |     1 |     2 |     3 ||     6
         Flail             |       |    48 |   130 ||   178
    Use: Potion            |     1 |       |     6 ||     7
         Scroll            |       |     3 |       ||     3
   Stab: Sleeping          |     6 |     7 |     5 ||    18
 Armour: Skin              |    18 |    44 |    59 ||   121
  Dodge: Dodged            |    23 |    47 |    51 ||   121
  Block: Buckler           |     9 |    19 |    20 ||    48

Table legend: (Time is in decaauts)
 A = Elapsed time spent in this place.
 B = Non-inter-level travel time spent in this place.
 C = Inter-level travel time spent in this place.
 D = Time resting spent in this place.
 E = Time spent auto-exploring this place.
 F = Levels seen in this place.
 G = Mean time per level.
                   A        B        C        D        E       F      G
               +--------+--------+--------+--------+--------+-----+--------+
         Total |   4761 |   4560 |    201 |    536 |   2863 |   8 |  595.1 |
       Dungeon |   3852 |   3682 |    170 |    252 |   2507 |   5 |  770.4 |
        Temple |     32 |      1 |     31 |      0 |      0 |   1 |   32.0 |
         Sewer |    591 |    591 |      0 |    258 |    223 |   1 |  591.0 |
       Ossuary |    285 |    285 |      0 |     26 |    133 |   1 |  285.0 |
               +--------+--------+--------+--------+--------+-----+--------+

Top non-repeatable levels by time:
     D:4: 1250 daAuts
     D:1: 815 daAuts
     D:3: 694 daAuts
     D:2: 665 daAuts
   Sewer: 591 daAuts
     D:5: 426 daAuts
 Ossuary: 285 daAuts
  Temple: 32 daAuts
